 Dungeon Crawl Stone Soup version 0.28.0 (webtiles) character file.

Game seed: 16854532827368706234

338 dolemite99 the Ruffian (level 6, -1/46 (55) HPs)
             Began as a Troll Wanderer on Feb 12, 2022.
             Was a Believer of Kikubaaqudgha.
             Slain by a wight (6 damage)
             ... on level 4 of the Dungeon.
             The game lasted 00:03:46 (3085 turns).

dolemite99 the Ruffian (Troll Wanderer)             Turns: 3085, Time: 00:03:47

HP:   -1/46 (55)    AC:  4    Str: 21    XL:     6   Next: 29%
MP:   6/6           EV:  9    Int: 11    God:    Kikubaaqudgha [**....]
Gold: 106           SH:  0    Dex:  8    Spells: 5/7 levels left

rFire   . . .      SeeInvis .     - Unarmed
rCold   . . .      Faith    .   (no shield)
rNeg    . . .      Spirit   .   c - +0 robe
rPois   .          Reflect  .   (helmet restricted)
rElec   .          Harm     .   (no cloak)
rCorr   .          Rampage  .   (gloves unavailable)
Will    .....                   (boots unavailable)
Stlth   +.........              (no amulet)
HPRegen 0.95/turn               (no ring)
MPRegen 0.10/turn               (no ring)

@: heavily drained
A: large, unfitting armour, claws 3, regeneration 1, shaggy fur 1, tough skin 1
a: Renounce Religion, Receive Corpses


You were on level 4 of the Dungeon.
You worshipped Kikubaaqudgha.
Kikubaaqudgha was pleased with you.
You visited 1 branch of the dungeon, and saw 4 of its levels.

You collected 106 gold pieces.

Inventory:

Hand Weapons
 a - a +0 club
Missiles
 e - 17 poisoned darts
 f - 28 sling bullets
 j - 68 stones
 l - 34 bolts
 m - 3 boomerangs
 q - 21 arrows
Armour
 c - a +0 robe (worn)
Jewellery
 n - a ring of resist corrosion
Wands
 b - a wand of flame (15)
Scrolls
 d - a scroll of fog
 t - 2 scrolls of identify {unknown}
 u - a scroll of immolation {unknown}
 v - a scroll of amnesia {unknown}
Potions
 g - a potion of mutation {unknown}
 h - a potion of brilliance {unknown}
 i - a potion of magic {unknown}
 k - a potion of degeneration {unknown}
 o - 2 potions of flight {unknown}
 p - a potion of attraction {unknown}
 r - a potion of lignification {unknown}
 s - a potion of invisibility {unknown}
 w - a potion of haste


   Skills:
 - Level 1.0 Fighting
 - Level 1.0 Stealth
 + Level 6.7 Unarmed Combat
 - Level 1.0 Spellcasting
 - Level 1.3 Summonings
 - Level 1.0 Invocations
 - Level 1.3 Evocations


You had 5 spell levels left.
You knew the following spells:

 Your Spells              Type           Power      Damage    Failure   Level
a - Summon Small Mammal   Summ           12%        N/A       19%         1
b - Animate Skeleton      Necr           0%         N/A       32%         1

Your spell library contained the following spells:

 Spells                   Type           Power      Damage    Failure   Level
 Call Imp                 Summ           3%         N/A       28%         2
 Pain                     Necr           0%         1d4       32%         1
 Corpse Rot               Necr/Air       0%         N/A       43%         2
 Call Canine Familiar     Summ           3%         N/A       50%         3
 Vampiric Draining        Necr           0%         2d6       67%         3


Dungeon Overview and Level Annotations

Branches:
Dungeon (4/15)
 Temple: D:4-7

Altars:
Hepliaklqana
Kikubaaqudgha

Shops:
D:3 (


Innate Abilities, Weirdness & Mutations

You are too large for most types of armour.
You have claws for hands.
Your natural rate of healing is unusually fast.
You are covered in fur. (AC +1)
You have tough skin. (AC +1)


Message History

The wight is heavily damaged.
The wight hits you with a +2 war axe.
You feel drained.
You closely miss the wight.
The wight is heavily damaged.
The wight hits you with a +2 war axe!
You feel drained.
You are too injured to fight recklessly!
You are too injured to fight recklessly!
You are too injured to fight recklessly!
You closely miss the wight.
The wight is heavily damaged.
You scratch the wight.
The wight is severely damaged.
The wight hits you with a +2 war axe.
You feel drained.
You barely miss the wight.
The wight is severely damaged.
The wight barely misses you.
You scratch the wight.
The wight is severely damaged.
The wight hits you with a +2 war axe.
You scratch the wight but do no damage.
The wight is severely damaged.
The wight hits you with a +2 war axe!
You claw the wight!
You destroy the wight!
Kikubaaqudgha accepts your kill.
There is an open door here.
You see here a +0 dagger.
You barely miss the wight.
The wight hits you with a +5 mace of freezing!
You feel drained. The wight freezes you. The wight hits you with a +0 spear.
You feel drained.
You closely miss the wight. Your claw misses the wight.
The wight hits you with a +5 mace of freezing!
* * * LOW HITPOINT WARNING * * *
The wight freezes you.
* * * LOW HITPOINT WARNING * * *
The wight closely misses you.
The wight hits you with a +5 mace of freezing.
You die...
Kikubaaqudgha rasps: "You have failed me!
Welcome... death!"

........................>##.#
..####........##.##########.#
..# #........##.#.....# #.#
### #........##.#.##.#####.#
######.).)รท....#.#.#........#
........).####.#.#.##########
..).....#)####.#.#..........#
........#........##########.#
........######.#@z.)..# #.#
........# #.#.####.# #.#
........# #.#z# #.# #.#
........######.#.## #.# #.#
..................###.# #.#
..................'.#.#####.#
..................#.#.......#
..................#.#########
..................#)#


You could see 2 wights.

Vanquished Creatures
  A bullfrog (D:4)
  A wight (D:4)
  A gnoll shaman (D:4)
  An iguana (D:4)
  A hound skeleton (D:4)
  Robin (D:4)
  4 gnolls (D:4)
  4 adders
  An adder skeleton (D:4)
  2 dart slugs
  9 ball pythons
  5 endoplasms
  5 giant cockroaches
  12 goblins
  7 hobgoblins
  2 jackals (D:4)
  4 quokkas
  2 bats
  3 frilled lizards
  5 kobolds
  9 rats
80 creatures vanquished.

Notes
Turn   | Place    | Note
-------+----------+-------------------------------------------
     0 | D:1      | dolemite99 the Troll Wanderer began the quest for the Orb.
     0 | D:1      | dolemite99 set off with the following items: a +0 club, a
                  | wand of flame (6), a +0 robe, a scroll of fog; and the
                  | following spell memorised: Summon Small Mammal; and the
                  | following spells available to memorise: Call Imp, Call
                  | Canine Familiar
     0 | D:1      | Reached XP level 1. HP: 19/19 MP: 1/1
   114 | D:1      | Reached XP level 2. HP: 24/27 MP: 2/2
   233 | D:1      | Reached skill level 3 in Unarmed Combat
   381 | D:1      | Reached XP level 3. HP: 33/33 MP: 3/3
   788 | D:2      | Found a faded altar of an unknown god.
   792 | D:2      | Prayed at the altar of an unknown god.
   792 | D:2      | Became a worshipper of Kikubaaqudgha
   792 | D:2      | Reached * piety under Kikubaaqudgha
   792 | D:2      | Received a gift from Kikubaaqudgha
  1084 | D:2      | Reached skill level 4 in Unarmed Combat
  1238 | D:2      | Learned a level 1 spell: Animate Skeleton
  1797 | D:3      | Reached XP level 4. HP: 41/41 MP: 4/4
  1920 | D:3      | Found Reurhe Unyu's Weapon Emporium.
  2017 | D:3      | Found a hazy altar of Hepliaklqana.
  2365 | D:4      | Reached skill level 5 in Unarmed Combat
  2593 | D:4      | Noticed Robin
  2598 | D:4      | Killed Robin
  2599 | D:4      | Reached XP level 5. HP: 48/48 MP: 5/5
  2629 | D:4      | Reached ** piety under Kikubaaqudgha
  2795 | D:4      | Reached skill level 6 in Unarmed Combat
  2835 | D:4      | Reached XP level 6. HP: 48/55 MP: 6/6
  3085 | D:4      | Slain by a wight

Illustrated notes

Levels and vault maps discovered:
D:1:      sevenhm_arrival_forest_fort_large_4, layout_basic,
          corexii_leaking_fountain, hex_tiny, st_stairs_4
D:2:      layout_loops_corners, shapermc_ecumenical_altar_venn,
          kennysheep_path_1, nicolae_elevator_lobby_plus
D:3:      layout_loops_ring, nicolae_hepliaklqana_hippocampus, serial_shops,
          nicolae_lakefront_shop
D:4:      layout_basic, minivault_19, uniq_robin

Skill      XL: |  1  2  3  4  5 |
---------------+----------------+-----
Unarmed Combat | 3 4 5 6 |  6.7
Fighting       | |  1.0
Stealth        | |  1.0
Spellcasting   | |  1.0
Summonings     | |  1.3
Invocations    | |  1.0
Evocations     | |  1.3

Action                   |  1- 3 |  4- 6 || total
-------------------------+-------+-------++-------
Melee: Unarmed           |   108 |   105 ||   213
       Punch             |     3 |     1 ||     4
 Stab: Sleeping          |     3 |       ||     3
Armor: Robe              |    31 |    37 ||    68
Dodge: Dodged            |    43 |    44 ||    87
